 Dungeon Crawl Stone Soup version 0.16-a0-1243-g6e0463c (webtiles) character file.

525 Kashira the Chopper (level 7, 0/37 HPs)
             Began as a Vine Stalker Berserker on Oct 13, 2014.
             Was an Elder of Trog.
             Slain by an ogre
             ... wielding a +0 giant club
              (8 damage)
             ... on level 5 of the Dungeon.
             The game lasted 00:09:20 (3093 turns).

Kashira the Chopper (Vine Stalker Berserker)        Turns: 3093, Time: 00:09:20

Health: 0/37       AC: 10    Str: 20    XL:     7   Next: 22%
Magic:  0/9        EV:  5    Int:  8    God:    Trog [****..]
Gold:   239        SH:  0    Dex: 14    Spells: 0 memorised, 6 levels left

rFire  . . .     SeeInvis .     x - -1 battleaxe (curse)
rCold  . . .     Clarity  .     p - +0 plate armour (curse)
rNeg   . . .     SustAb   .     (no shield)
rPois  +         Gourm    .     (no helmet)
rElec  .         Spirit   +     (no cloak)
rCorr  .         Warding  .     (no gloves)
rMut   .         Rnd*Tele +     (no boots)
MR     .....                    (no amulet)
Stlth  ..........               i - cursed ring of teleportation
                                e - ring of poison resistance

@: exhausted, not resistant to hostile enchantments, extremely unstealthy
A: fangs 2, regeneration 2, magic shield, antimagic bite, no device heal 3, rot
immunity
a: Burn Spellbooks, Berserk, Trog's Hand, Brothers in Arms, Renounce Religion,
Evoke Teleportation


You were on level 5 of the Dungeon.
You worshipped Trog.
Trog was greatly pleased with you.
You were not hungry.

You visited 1 branch of the dungeon, and saw 5 of its levels.

You collected 239 gold pieces.

Inventory:

Hand weapons
 a - a +1 hand axe
 x - a cursed -1 battleaxe (weapon)
Armour
 p - a cursed +0 plate armour (worn)
 s - a +4 chain mail
Jewellery
 e - a ring of poison resistance (left hand)
 i - a cursed ring of teleportation (right hand)
 y - an uncursed ring of flight {unknown}
Magical devices
 k - a wand of digging (18)
 t - a wand of confusion (26)
Scrolls
 h - 2 scrolls of teleportation
 m - 2 scrolls of enchant weapon
 v - a scroll of identify
Potions
 b - a potion of invisibility {unknown}
 d - 2 potions of agility
 g - 4 potions of curing
 j - a potion of resistance {unknown}
 l - a potion of might {unknown}
 n - a potion of lignification {unknown}
 q - a potion of heal wounds {unknown}
 r - a potion of poison {unknown}
 u - a potion of confusion {unknown}
Books
 w - a book of Power

   Spells                             Type                      Level
   Fulminant Prism                    Conjuration/Hexes            4
   Iskenderun's Mystic Blast          Conjuration                  4
   Venom Bolt                         Conjuration/Poison           5
   Bolt of Magma                      Conjuration/Fire/Earth       5
   Iron Shot                          Conjuration/Earth            6
   Orb of Destruction                 Conjuration                  7
   Trog disapproves of the use of such an item.
Comestibles
 c - 2 bread rations
 o - a meat ration


   Skills:
 + Level 3.8 Fighting
 * Level 5.0 Axes
 + Level 2.1 Armour
 + Level 2.9 Dodging
 * Level 4.0 Stealth


You had 6 spell levels left.
You didn't know any spells.

Dungeon Overview and Level Annotations

Branches:
Dungeon (5/15)             Temple (0/1) D:4

Altars:
Gozag
Xom


Innate Abilities, Weirdness & Mutations

You have extremely sharp teeth.
You heal very quickly.
When hurt, damage is shared between your health and your magic reserves.
Your bite disrupts and absorbs the magic of your enemies.
Potions and wands cannot restore your health.
You are immune to rotting.


Message History

Your surroundings suddenly seem different.
An ogre comes into view. It is wielding a giant club.
An ogre is nearby!
You hit the ogre. You bite the ogre. You drain its power.
The ogre is moderately wounded.
The ogre hits you with a giant club!
Use which ability? (? or * to list) You're too exhausted to go berserk.
You hit the ogre.
The ogre is moderately wounded.
The ogre hits you with a giant club!!
Ouch! That really hurt!
* * * LOW HITPOINT WARNING * * *
You are too injured to fight recklessly!
Use which ability? (? or * to list) You're too exhausted to go berserk.
Read which item? (? for menu, Esc to quit)
Okay, then.
The ogre hits you with a giant club!
You die...

#......#
#..##...l##.####
#......#
##.##....##.###
.......#
#.##....##...##
#......#
#..###.###.#..#
#######
####.###.##.....#
#......#.##.#.#.#
#
#......#.#......#
#
#.O.........#.#.#
#
#..@......#.....#
#
#####.....##..###
# #........).# #
#.######.#.#####
#.# #.#.#.... #..
#.#.#.### ##.
#.#.#...# .
#.#.###.#
#.#......


You could see an ogre.

Vanquished Creatures
  The ghost of Duskembrace the Ducker, an average FeFi (D:4)
  A crimson imp (D:5)
  4 hounds
  An orc priest (D:3)
  A worker ant (D:4)
  An iguana (D:5)
  5 adders
  A gnoll (D:5)
  5 worms
  4 giant geckos
  2 oozes (D:1)
  6 orcs
  11 hobgoblins
  A quokka (D:4)
  9 bats
  7 giant cockroaches
  4 giant newts
  10 goblins
  A goblin skeleton (D:4)
  10 kobolds
  An orc skeleton (D:5)
  10 rats
  4 ballistomycetes
100 creatures vanquished.

Vanquished Creatures (others)
  A crimson imp (D:5)
  2 giant spores
3 creatures vanquished.

Grand Total: 103 creatures vanquished

Notes
Turn   | Place    | Note
--------------------------------------------------------------
     0 | D:1      | Kashira, the Vine Stalker Berserker, began the quest for the Orb.
     0 | D:1      | Reached XP level 1. HP: 11/11 MP: 1/1
    99 | D:1      | Reached skill level 3 in Axes
   101 | D:1      | Reached XP level 2. HP: 9/16 MP: 3/3
   201 | D:1      | Acquired Trog's second power
   363 | D:1      | Reached skill level 1 in Stealth
   382 | D:1      | Reached XP level 3. HP: 17/19 MP: 2/4
   696 | D:2      | Reached XP level 4. HP: 19/24 MP: 5/5
  1047 | D:2      | Found an opulent altar of Gozag.
  1502 | D:3      | Reached XP level 5. HP: 28/28 MP: 7/7
  1520 | D:3      | Acquired Trog's third power
  1914 | D:4      | Noticed Duskembrace's ghost (average FeFi)
  2053 | D:4      | Reached skill level 4 in Axes
  2190 | D:4      | Killed Duskembrace's ghost
  2190 | D:4      | Gained mutation: You heal very quickly. [vine stalker growth]
  2190 | D:4      | Reached XP level 6. HP: 22/32 MP: 8/8
  2400 | D:4      | Found a staircase to the Ecumenical Temple.
  2774 | D:5      | Entered Level 5 of the Dungeon
  2788 | D:5      | Found a shimmering altar of Xom.
  2892 | D:5      | Reached XP level 7. HP: 35/37 MP: 9/9
  3011 | D:5      | Reached skill level 5 in Axes
  3093 | D:5      | Slain by an ogre

Action                   |  1- 3 |  4- 6 |  7- 9 || total
-------------------------+-------+-------+-------++-------
Melee: Hand axe          |    88 |   254 |       ||   342
       Battleaxe         |       |       |    18 ||    18
Invok: Berserk           |     1 |     2 |     2 ||     5
Evoke: Wand              |       |       |     2 ||     2
  Use: Scroll            |     4 |     5 |     1 ||    10
 Stab: Sleeping          |     1 |     3 |       ||     4
  Eat: Chunk             |       |     7 |     1 ||     8
       Pizza             |       |     1 |     1 ||     2
       Meat ration       |       |       |     1 ||     1
